 Dungeon Crawl Stone Soup version 0.21.1-1-g345015f (webtiles) character file.

53029 eccles the Executioner (level 14, -9/190 HPs)
             Began as a Minotaur Berserker on May 30, 2018.
             Was the Champion of Trog.
             Mangled by an orc knight
             ... wielding a +3 great sword of holy wrath
              (23 damage)
             ... on level 1 of the Orcish Mines.
             The game lasted 02:23:33 (19111 turns).

eccles the Executioner (Minotaur Berserker)        Turns: 19111, Time: 02:23:37

Health: -9/190     AC: 27    Str: 28 (29) XL:     14   Next: 29%
Magic:  4/4        EV: 10    Int:  6      God:    Trog [******]
Gold:   1349       SH:  0    Dex: 16      Spells: 13/13 levels left

rFire    . . .     SeeInvis .   a - +5 executioner's axe (antimagic)
rCold    . . .     Gourm    .   (shield currently unavailable)
rNeg     . . .     Faith    .   e - +8 plate armour {MR+}
rPois    .         Spirit   .   (helmet restricted)
rElec    .         Reflect  .   j - scarf {repulsion}
rCorr    .         Harm     .   S - +0 pair of gloves
MR       ++...                  (no boots)
Stlth    ..........             G - amulet of regeneration
HPRegen  0.81/turn              C - ring of flight
MPRegen  0.09/turn              x - +3 ring of dexterity

@: berserking, repel missiles, very quick
A: retaliatory headbutt, horns 2, slimy green scales 1, clever 1, deterioration
1
a: Berserk, Trog's Hand, Brothers in Arms, Burn Spellbooks, Renounce Religion,
Evoke Flight


You were on level 1 of the Orcish Mines.
You worshipped Trog.
Trog was exalted by your worship.
You were not hungry.

You visited 3 branches of the dungeon, and saw 22 of its levels.
You also visited: Labyrinth and Ossuary.

You collected 1613 gold pieces.
You spent 264 gold pieces at shops.

Inventory:

Hand Weapons
 a - a +5 antimagic executioner's axe (weapon)
 b - a +0 longbow
 h - a +7 hand axe of draining
 y - a +4 battleaxe of flaming
Missiles
 J - 15 tomahawks (quivered)
 T - 111 arrows
Armour
 d - the +5 shield "Tyvaidow" {Int+4}
   (You found it on level 6 of the Dungeon)

   It affects your intelligence (+4).
 e - a +8 plate armour of magic resistance (worn)
 i - a +0 cloak of poison resistance
 j - a scarf of repulsion (worn)
 M - the +1 ring mail of the Cricket {-Cast MP+9 Slay+2 Stlth+}
   (You found it on level 9 of the Dungeon)

   It affects your accuracy and damage with ranged weapons and melee attacks
   (+2).
   It affects your magic capacity (+9).
   It prevents spellcasting.
   It makes you more stealthy.
 S - a +0 pair of gloves (worn)
Jewellery
 x - a +3 ring of dexterity (right hand)
 C - a ring of flight (left hand)
 G - an amulet of regeneration (around neck)
 H - an uncursed ring of see invisible
 U - an uncursed ring of positive energy
 Z - an uncursed ring of wizardry
Wands
 p - a wand of iceblast (13)
 D - a wand of polymorph (27)
 K - a wand of clouds (8)
 N - a wand of digging (31)
 O - a wand of enslavement (23)
 Q - a wand of acid (23)
 R - a wand of flame (33)
 W - a wand of disintegration (20)
 X - a wand of scattershot (2)
Scrolls
 g - 7 scrolls of teleportation
 l - 12 scrolls of remove curse
 m - 4 scrolls of immolation
 v - a scroll of brand weapon
 E - 2 scrolls of blinking
 I - 2 scrolls of noise
 P - a scroll of acquirement
 V - a scroll of fear
Potions
 k - 5 potions of magic
 n - 4 potions of lignification
 o - 8 potions of brilliance
 q - 10 potions of curing
 r - 2 potions of haste
 s - 2 potions of heal wounds
 t - 5 potions of agility
 u - 2 potions of cancellation
 w - 2 potions of resistance
 z - a potion of flight
 B - a potion of invisibility
 F - 2 potions of mutation
Comestibles
 c - 32 rations


   Skills:
 + Level 12.6 Fighting
 * Level 21.8 Axes
 + Level 2.9 Bows
 + Level 0.2 Throwing
 * Level 12.2 Armour
 + Level 4.1 Dodging
 + Level 0.9 Stealth


You had 13 spell levels left.
You didn't know any spells.

Dungeon Overview and Level Annotations

Branches:
Dungeon (14/15)            Temple (0/1) D:7            Lair (6/6) D:9
 Shoals (0/4) Lair:4       Spider (0/4) Lair:2        Slime (0/5) Lair:6
    Orc (2/2) D:10         Vaults (0/5) D:13
    Elf: Orc:2

Altars:
Ashenzari
Dithmenos
Fedhas
Gozag
Makhleb
Trog
Beogh
Jiyva

Shops:
D:14 }

Annotations:
Lair:1 2 transporters, exclusion: oklob plant
Orc:2 Blork the orc


Innate Abilities, Weirdness & Mutations

You reflexively headbutt those who attack you in melee.
You have a pair of horns on your head.
You are partially covered in slimy green scales. (AC +2)
Your mind is acute. (Int +2)
Your body sometimes deteriorates upon taking damage.


Message History

* * * LOW HITPOINT WARNING * * *
The orc warrior barely misses you. You furiously retaliate!
You headbutt the orc warrior!
The orc high priest calls down the wrath of Beogh upon you.
Beogh smites you!
* * * LOW HITPOINT WARNING * * *
Your body deteriorates!
You feel weakened.
The orc warrior hits you but does no damage.
The orc knight hits you but does no damage.
The orc warrior hits you but does no damage.
Something hits you but does no damage.
You climb upwards.
There is a stone staircase leading down here.
A red film seems to cover your vision as you go berserk!
You feel yourself moving faster!
You feel mighty!
You feel quite a bit more hungry.
The orc warrior hits you with a short sword!!
* * * LOW HITPOINT WARNING * * *
The orc knight hits you with a great sword of holy wrath!!
You die...

##......## ##......#...#
##.#......# ##........#.##
#.........# ##......#.#...#
##.##.....###..........#.##
## ##....................##
#......................#
##.#...................##
##........o.o..........#
#......<.#.@o.........##
#....##.................#
##.####..............#.##
## ##...........#.#####
#...............#
##.#..#........##
##..#....#....#
#.......)$...##
##...........#


You could see an orc knight and 2 orc warriors.

Vanquished Creatures
  Kirke (Lair:4)
  A minotaur (Lab)
  A fire dragon (Lair:6)
  The ghost of w0lly the Cleaver, a journeyman DsBe of Trog (D:12)
  2 centaur warriors
  3 hydras
  3 two-headed ogres
  2 dancing weapons (D:13)
  The ghost of Tiareth the Thaumaturge, a journeyman DEWz of Cheibriados (D:12)
  A fire crab (Lair:6)
  An unseen horror (D:14)
  The ghost of diana the Grappler, a novice DrTm (D:5)
  A cyclops (D:11)
  A manticore (Lair:4)
  An orc knight (D:10)
  4 ugly things
  5 elephants
  7 black mambas
  12 spiny frogs
  2 molten gargoyles (Lair:6)
  5 rime drakes
  13 komodo dragons
  A demonic crawler (Lair:2)
  A yaktaur (D:12)
  5 trolls
  A polar bear (Lair:5)
  A meliai zombie (D:12)
  5 blink frogs (Lair:5)
  6 hippogriffs
  A vampire (D:12)
  A spriggan (D:13)
  2 wraiths
  A shadow (D:9)
  31 yaks
  6 wyverns
  A fire elemental (D:12)
  5 hogs (Lair:4)
  2 steam dragons
  3 basilisks
  Menkaure (D:7)
  The ghost of Curus the Changer, an amateur MfTm of Makhleb (D:3)
  A soldier ant (D:12)
  2 wargs (Orc:2)
  4 hell hounds (Lair:6)
  2 acid dragons
  10 water moccasins
  9 porcupines
  A phantom (D:13)
  An ice beast (D:10)
  A black bear (D:9)
  14 orc warriors
  2 sky beasts
  2 necrophages
  2 eyes of draining
  2 wolves (D:9)
  3 centaurs
  6 ogres
  10 crocodiles
  A big kobold (D:8)
  17 bullfrogs
  A gnoll sergeant (D:11)
  A water moccasin zombie (D:7)
  A water moccasin skeleton (D:9)
  8 scorpions
  8 killer bees
  13 wights
  5 electric eels
  3 howler monkeys (D:10)
  11 crimson imps
  5 lava snakes (Lair:6)
  A human zombie (Ossuary)
  3 bullfrog skeletons
  3 centaur zombies
  2 jellies (D:9)
  6 centaur skeletons
  A gnoll shaman (D:8)
  16 orc priests
  6 hounds
  18 orc wizards
  2 iguanas
  4 hell rats (Lair:6)
  7 worker ants
  A big kobold zombie (Ossuary)
  3 mummies (Ossuary)
  10 gnolls
  12 adders
  4 shadow imps
  3 adder zombies
  3 worms
  3 dart slugs
  5 leopard geckos
  79 orcs
  2 ball pythons (D:2)
  4 giant cockroaches
  10 goblins
  4 hobgoblins
  14 jackals
  7 kobolds
  5 quokkas
  14 bats
  4 frilled lizards
  4 goblin zombies
  A hobgoblin zombie (Ossuary)
  A jackal skeleton (D:7)
  2 kobold zombies (Ossuary)
  An orc zombie (Ossuary)
  A quokka zombie (D:10)
  6 rats
  7 fungi
  5 plants
574 creatures vanquished.

Vanquished Creatures (others)
  A human (Lair:4)
  A porcupine (Lair:4)
  A jelly (D:12)
  4 fungi
  4 plants
11 creatures vanquished.

Grand Total: 585 creatures vanquished

Notes
Turn   | Place    | Note
-------+----------+-------------------------------------------
     0 | D:1      | eccles the Minotaur Berserker began the quest for the Orb.
     0 | D:1      | Reached XP level 1. HP: 19/19 MP: 0/0
   246 | D:1      | Reached skill level 4 in Axes
   364 | D:1      | Reached XP level 2. HP: 20/27 MP: 1/1
   995 | D:2      | Reached ** piety under Trog
  1036 | D:2      | Reached XP level 3. HP: 33/33 MP: 2/2
  1102 | D:2      | Found a bloodstained altar of Trog.
  1132 | D:2      | You fall through a shaft!
  1820 | D:3      | Reached XP level 4. HP: 41/41 MP: 3/3
  1841 | D:3      | Reached skill level 5 in Axes
  1946 | D:3      | Noticed Curus's ghost (amateur MfTm)
  1965 | D:3      | Killed Curus's ghost
  1965 | D:3      | Reached XP level 5. HP: 41/47 MP: 4/4
  2174 | D:4      | Reached skill level 6 in Axes
  2181 | D:4      | Reached skill level 5 in Fighting
  2397 | D:4      | Reached XP level 6. HP: 56/56 MP: 5/5
  2420 | D:4      | Reached skill level 5 in Armour
  2433 | D:4      | Reached skill level 7 in Axes
  2727 | D:4      | Found a burning altar of Makhleb.
  2735 | D:4      | Found a shadowy altar of Dithmenos.
  2736 | D:4      | Found a shattered altar of Ashenzari.
  2890 | D:4      | Reached XP level 7. HP: 60/61 MP: 6/6
  3168 | D:4      | Reached *** piety under Trog
  3190 | D:4      | Reached skill level 8 in Axes
  3220 | D:4      | Found the +7 Singing Sword
  3532 | D:5      | Entered Level 5 of the Dungeon
  3706 | D:5      | Reached skill level 9 in Axes
  3706 | D:5      | Reached XP level 8. HP: 48/70 MP: 7/7
  3835 | D:5      | Noticed diana's ghost (novice DrTm)
  3862 | D:5      | Killed diana's ghost
  3862 | D:5      | Reached skill level 10 in Axes
  4555 | D:6      | Noticed a hippogriff
  4566 | D:6      | Killed a hippogriff
  4724 | D:6      | Reached skill level 11 in Axes
  4816 | D:6      | Found an opulent altar of Gozag.
  4857 | D:6      | Reached XP level 9. HP: 79/79 MP: 8/8
  4873 | D:6      | Reached **** piety under Trog
  4882 | D:6      | Got a distressingly furry shield
  4930 | D:6      | Identified the +5 shield "Tyvaidow" {Int+4} (You found it on level 6 of the Dungeon)
  5219 | D:7      | Noticed Menkaure
  5222 | D:7      | Killed Menkaure
  5304 | D:7      | Found a sand-covered staircase.
  5318 | Ossuary  | Entered an ossuary
  5535 | Ossuary  | Reached skill level 12 in Axes
  5986 | D:7      | Reached skill level 13 in Axes
  5998 | D:7      | Reached XP level 10. HP: 37/86 MP: 9/9
  6391 | D:7      | Found a staircase to the Ecumenical Temple.
  6678 | D:8      | Noticed a two-headed ogre
  6714 | D:8      | Killed a two-headed ogre
  6714 | D:8      | Reached skill level 14 in Axes
  7229 | D:8      | Reached ***** piety under Trog
  8009 | D:9      | Got a scorched ring mail
  8032 | D:9      | Identified the +1 ring mail of the Cricket {-Cast MP+9 Slay+2 Stlth+} (You found it on level 9 of the Dungeon)
  8099 | D:9      | Reached skill level 15 in Axes
  8469 | D:9      | Found an opulent altar of Gozag.
  8470 | D:9      | Found a staircase to the Lair.
  8478 | D:9      | HP: 3/91 [electric eel/bolt of electricity (2)]
  9045 | D:10     | Entered Level 10 of the Dungeon
  9156 | D:10     | Reached XP level 11. HP: 45/97 MP: 10/10
  9326 | D:10     | Received a gift from Trog
  9536 | D:10     | Noticed an orc knight
  9537 | D:10     | Found a roughly hewn altar of Beogh.
  9537 | D:10     | Found a staircase to the Orcish Mines.
  9550 | D:10     | Killed an orc knight
  9562 | D:10     | Reached skill level 16 in Axes
  9805 | D:10     | Noticed a two-headed ogre
  9816 | D:10     | Killed a two-headed ogre
 10051 | D:11     | You fall through a shaft for 3 floors!
 10051 | D:14     | Noticed a purple ugly thing
 10051 | D:14     | Noticed a purple ugly thing
 10051 | D:14     | Noticed a purple ugly thing
 10054 | D:14     | Noticed a centaur warrior
 10057 | D:14     | Killed a purple ugly thing
 10062 | D:14     | Killed a white ugly thing
 10070 | D:14     | Killed a centaur warrior
 10071 | D:14     | Killed a brown ugly thing
 10118 | D:14     | Found a shadowy altar of Dithmenos.
 10130 | D:14     | Found a blossoming altar of Fedhas.
 10185 | D:14     | Noticed a seven-headed hydra
 10190 | D:14     | Killed a four-headed hydra
 10190 | D:14     | Reached skill level 10 in Fighting
 10190 | D:14     | Reached skill level 17 in Axes
 10316 | D:14     | Killed an unseen horror
 10335 | D:14     | Found Umafac's Gadget Shoppe.
 10340 | D:14     | Bought a wand of disintegration (20) for 264 gold pieces
 10348 | D:14     | Found a labyrinth entrance.
 10356 | Lab      | Entered a labyrinth
 10725 | Lab      | Noticed a minotaur
 10730 | Lab      | Killed a minotaur
 10831 | D:14     | Found a shadowy altar of Dithmenos.
 10839 | D:14     | Reached XP level 12. HP: 107/107 MP: 11/11
 11313 | D:13     | Found a gate to the Vaults.
 11325 | D:13     | Reached skill level 18 in Axes
 11325 | D:13     | Reached skill level 10 in Armour
 12231 | D:13     | Noticed a centaur warrior
 12243 | D:13     | Killed a centaur warrior
 12469 | D:12     | Received a gift from Trog
 12853 | D:12     | Noticed a two-headed ogre
 12858 | D:12     | Killed a two-headed ogre
 12860 | D:12     | Reached skill level 1 in Bows
 12864 | D:12     | Noticed w0lly's ghost (journeyman DsBe)
 12874 | D:12     | Killed w0lly's ghost
 12874 | D:12     | Reached skill level 19 in Axes
 13133 | D:12     | Noticed Tiareth's ghost (journeyman DEWz)
 13148 | D:12     | Killed Tiareth's ghost
 13865 | D:11     | Reached ****** piety under Trog
 14493 | Lair:1   | Entered Level 1 of the Lair of Beasts
 14984 | Lair:1   | Found a transporter.
 15169 | Lair:1   | Found a transporter.
 15229 | Lair:2   | Reached XP level 13. HP: 116/116 MP: 4/12
 15342 | Lair:2   | Found a hole to the Spider Nest.
 15361 | Lair:2   | Received a gift from Trog
 15792 | Lair:2   | Reached skill level 20 in Axes
 16473 | Lair:4   | Noticed Kirke
 16492 | Lair:4   | Killed Kirke
 16538 | Lair:4   | Found a staircase to the Shoals.
 17120 | Lair:5   | Reached skill level 21 in Axes
 17131 | Lair:5   | Received a gift from Trog
 17715 | Lair:6   | Entered Level 6 of the Lair of Beasts
 17774 | Lair:6   | Gained mutation: Your mind is acute. (Int +2) [potion of mutation]
 17774 | Lair:6   | Gained mutation: Your body sometimes deteriorates upon taking damage. [potion of mutation]
 17774 | Lair:6   | Gained mutation: You are partially covered in slimy green scales. (AC +2) [potion of mutation]
 17832 | Lair:6   | Reached XP level 14. HP: 117/126 MP: 13/13
 17833 | Lair:6   | Identified 2 scrolls of acquirement
 18169 | Lair:6   | Found a large runed door.
 18400 | Lair:6   | Found a large runed door.
 18728 | Lair:6   | Found a viscous altar of Jiyva.
 18728 | Lair:6   | Found a staircase to the Slime Pits.
 18979 | Orc:1    | Entered Level 1 of the Orcish Mines
 19095 | Orc:2    | Entered Level 2 of the Orcish Mines
 19102 | Orc:2    | Noticed Blork the orc
 19111 | Orc:1    | Mangled by an orc knight

Skill      XL: |  1  2  3  4  5  6  7  8  9 10 11 12 13 14 |
---------------+-------------------------------------------+-----
Axes           | 4 5 6 7 9 11 13 15 17 19 21 | 21.8
Fighting       | 4 5 7 9 10 11 12 | 12.6
Armour         | 3 4 5 6 8 9 10 11 12 | 12.2
Dodging        | 3 4 |  4.1
Bows           | 2 |  2.9
Throwing       | |  0.2
Stealth        | |  0.9

Action                   |  1- 3 |  4- 6 |  7- 9 | 10-12 | 13-15 || total
-------------------------+-------+-------+-------+-------+-------++-------
Melee: Hand axe          |   109 |    89 |   143 |    64 |       ||   405
       Headbutt          |    17 |    17 |    57 |   123 |   102 ||   316
       Battleaxe         |       |       |   144 |   390 |    80 ||   614
       Executioner's axe |       |       |       |   119 |   303 ||   422
 Fire: Longbow           |       |       |       |    27 |     7 ||    34
Throw: Tomahawk          |       |       |       |     4 |     5 ||     9
Invok: Berserk           |       |     2 |       |     6 |     1 ||     9
       Burn Spellbooks   |       |       |       |     4 |     1 ||     5
       Trog's Hand       |       |       |       |     1 |       ||     1
Evoke: Wand              |       |       |       |     1 |       ||     1
  Use: Scroll            |     6 |     4 |     9 |    10 |    13 ||    42
       Potion            |     1 |       |       |     1 |     3 ||     5
 Stab: Invisible         |       |       |       |       |     1 ||     1
  Eat: Chunk             |     3 |     5 |    10 |    22 |    11 ||    51
       Ration            |       |       |       |     4 |     1 ||     5
Armor: Ring mail         |    11 |       |       |       |       ||    11
       Scale mail        |    16 |       |       |       |       ||    16
       Chain mail        |    21 |    36 |    47 |       |       ||   104
       Plate armour      |       |       |    54 |   313 |   250 ||   617
Dodge: Dodged            |    48 |    36 |   104 |   210 |   171 ||   569
       Deflected         |       |       |       |       |     3 ||     3
Block: Shield            |       |       |     1 |       |       ||     1
